 Dungeon Crawl Stone Soup version 0.26-a0-1020-ge47f559bc5 (webtiles) character file.

Game seed: 15478334264680656834

47100 Froggeryz the Basher (level 13, -1/113 HPs)
             Began as a Demigod Ice Elementalist on Dec 8, 2020.
             Slain by a dire elephant (25 damage)
             ... on level 6 of the Lair of Beasts.
             The game lasted 00:59:23 (24488 turns).

Froggeryz the Basher (Demigod Ice Elementalist)    Turns: 24488, Time: 00:59:23

Health: -1/113     AC: 13    Str: 21    XL:     13   Next: 70%
Magic:  15/25      EV: 11    Int: 21    God:
Gold:   1187       SH: 11    Dex: 20    Spells: 15/22 levels left

rFire    + . .     SeeInvis .   x - +0 whip (elec)
rCold    + . .     Faith    .   H - +0 buckler
rNeg     + + .     Spirit   .   D - +0 scale mail {rPois}
rPois    +         Reflect  +   u - -2 hat of Leciam {rF++ rCorr}
rElec    .         Harm     .   O - +2 cloak {Stlth+}
rCorr    +         Rampage  .   g - +0 pair of gloves
Will     +....                  a - +1 pair of boots of Jamugujo {rN++ Dex+2}
Stlth    +.........             q - amulet of reflection
HPRegen  0.28/turn              C - ring of ice
MPRegen  0.19/turn              i - +6 ring of strength

@: frozen ramparts
A: high mp 1
a: no special abilities


You were on level 6 of the Lair of Beasts.
You visited 2 branches of the dungeon, and saw 16 of its levels.
You also visited: Ossuary, Ice Cave and Volcano.

You collected 1727 gold pieces.
You spent 540 gold pieces at shops.

Inventory:

Hand Weapons
 x - a +0 whip of electrocution (weapon)
Missiles
 r - 3 javelins
 S - 5 curare-tipped darts
Armour
 a - the +1 pair of boots of Jamugujo (worn) {rN++ Dex+2}
   (You bought it in a shop on level 6 of the Dungeon)

   It affects your dexterity (+2).
   It greatly protects you from negative energy.
 g - a +0 pair of gloves (worn)
 u - the -2 hat of Leciam (worn) {rF++ rCorr}
   (You bought it in a shop on level 6 of the Dungeon)

   It greatly protects you from fire.
   It provides partial protection from all sources of acid and corrosion.
 v - the +1 cloak "Hero's Friend" {rCorr Int+2}
   (You found it on level 9 of the Dungeon)

   It affects your intelligence (+2).
   It provides partial protection from all sources of acid and corrosion.
 D - a +0 scale mail of poison resistance (worn)
 H - a +0 buckler (worn)
 O - a +2 cloak of stealth (worn)
Jewellery
 f - an uncursed ring of fire
 i - a +6 ring of strength (right hand)
 l - an uncursed ring of poison resistance
 q - an amulet of reflection (around neck)
 s - an uncursed ring of willpower
 C - a ring of ice (left hand)
Wands
 h - a wand of paralysis (27)
 o - a wand of iceblast (14)
 y - a wand of disintegration (31)
 E - a wand of acid (3)
 Q - a wand of polymorph (18)
 T - a wand of flame (48)
 V - a wand of digging (4)
Scrolls
 b - 3 scrolls of enchant armour
 c - 3 scrolls of enchant weapon
 m - 10 scrolls of teleportation
 n - 3 scrolls of blinking
 p - 12 scrolls of remove curse
 w - 3 scrolls of identify
 z - a scroll of fog
 A - 3 scrolls of magic mapping
 B - 2 scrolls of amnesia
 U - 2 scrolls of vulnerability
Potions
 e - a potion of magic
 j - 10 potions of curing
 k - 6 potions of brilliance
 I - 4 potions of attraction
 J - 3 potions of lignification
 K - a potion of ambrosia
 L - 2 potions of invisibility
 M - 5 potions of resistance
 N - 4 potions of heal wounds
 R - 2 potions of haste
 X - 2 potions of mutation
Miscellaneous
 F - a condenser vane
 W - a phantom mirror


   Skills:
 + Level 10.0 Fighting
 - Level 12.0 Maces & Flails
 - Level 8.2 Armour
 - Level 1.7 Dodging
 - Level 1.7 Stealth
 - Level 5.7 Shields
 - Level 5.3 Spellcasting
 - Level 10.0 Ice Magic
 - Level 8.0 Evocations


You had 15 spell levels left.
You knew the following spells:

 Your Spells              Type           Power        Failure   Level
a - Freeze                Ice            ####         1%          1
b - Frozen Ramparts       Ice            ######       1%          3
c - Ozocubu's Armour      Ice            ######..     1%          3

Your spell library contained the following spells:

 Spells                   Type           Power        Failure   Level
 Ensorcelled Hibernation  Hex/Ice        #####.       4%          2
 Corona                   Hex            #......      24%         1
 Magic Dart               Conj           #...         24%         1
 Hailstorm                Conj/Ice       #####...     30%         4
 Summon Ice Beast         Ice/Summ       #####...     30%         4
 Poisonous Vapours        Pois/Air       #.....       36%         2
 Searing Ray              Conj           #.....       36%         2
 Confusing Touch          Hex            #.......     58%         3
 Conjure Flame            Conj/Fire      #.......     58%         3
 Dazzling Flash           Conj/Hex       #.....       58%         3
 Mephitic Cloud           Conj/Pois/Air  #.......     58%         3
 Tukima's Dance           Hex            #.......     58%         3
 Cause Fear               Hex            #.........   94%         4
 Fulminant Prism          Conj/Hex       #.........   94%         4
 Iskenderun's Mystic Bla  Conj/Tloc      #.......     94%         4
 Silence                  Hex/Air        #.........   100%        5
 Yara's Violent Unravell  Hex/Tmut       #.........   100%        5
 Freezing Cloud           Conj/Ice/Air   ####......   100%        6
 Discord                  Hex            #.........   100%        8


Dungeon Overview and Level Annotations

Branches:
Dungeon (10/15)            Temple (0/1) D:6            Lair (6/6) D:10
  Swamp (0/4) Lair:3        Snake (0/4) Lair:2        Slime (0/5) Lair:5
    Orc (0/2) D:9         Ossuary (visited)           IceCv (visited)
Volcano (visited)

Shops:
D:5 *   D:6 [

Annotations:
D:8 1 runed translucent door, Beaer's ghost, novice VSBr


Innate Abilities, Weirdness & Mutations

You have an increased reservoir of magic. (+10% MP)


Message History

The wall freezes the dire elephant!
You block the dire elephant's attack. The dire elephant closely misses you.
The wall freezes the dire elephant!
Your icy armour cracks and falls away as you move.
The wall freezes the dire elephant!
The wall freezes the dire elephant.
The wall freezes the dire elephant!
The wall freezes the dire elephant.
The wall freezes the dire elephant!
The wall freezes the dire elephant.
Casting: Ozocubu's Armour (safe; 1% risk of failure)
Confirm with . or Enter, or press ? or * to list all spells.
You feel a surge of power! A film of ice covers your body!
The wall freezes the dire elephant! x2; The dire elephant tramples you!
* * * LOW HITPOINT WARNING * * *
You stumble backwards!
The wall freezes the dire elephant!
Okay, then.
Unknown command.
Your icy armour cracks and falls away as you move.
The wall freezes the dire elephant!
You kill the dire elephant!
The wall freezes the dire elephant. x2; The dire elephant tramples you!!
You die...

....##8.#.............
#''####.#.........[...
##≈≈≈.##.#.............
#≈≈≈≈≈.#.#....<........
#≈≈≈≈≈≈#.#..#..........
#."≈≈≈##.#....#.......#
##...≈#..#.####......P#
##'####.##..# ##.......
#8.8#.@.#♣.######^.....
###...#Y###.....# #......
#.#..##Y##.....## ##.....
##.'.P#..##.....# #.....
###..'..#.##♣....######...#.
#..Y#####.# ♣.....#.........
##...#8...# #♣..............
##...'Y.######..#..#........
#...##...'...#♣......PP.....


You could see 2 dire elephants.

Vanquished Creatures
  A dire elephant (Lair:6)
  Fannar (Lair:3)
  5 hydras
  An anaconda (Lair:6)
  Erica (Lair:1)
  A death knight (D:8)
  Nergalle (Lair:3)
  Sonja (Lair:1)
  2 lindwurms (Volcano)
  Pikel (D:4)
  An ugly thing (IceCv)
  10 elephants
  7 black mambas
  A toenail golem (Volcano)
  A torpor snail (Lair:5)
  10 cane toads
  4 molten gargoyles (Volcano)
  9 komodo dragons
  2 efreet (Volcano)
  3 rime drakes
  2 trolls
  2 polar bears
  2 hellwings (D:8)
  15 blink frogs
  4 dream sheep (Lair:5)
  A meliai zombie (D:8)
  A shadow (D:9)
  Sigmund (D:5)
  6 wyverns
  3 fire elementals (Volcano)
  3 basilisks
  29 yaks
  Grum (Lair:1)
  Eustachio (D:4)
  A steam dragon (D:7)
  25 water moccasins
  2 hell hounds (Lair:5)
  A hornet zombie (D:8)
  9 ice beasts
  2 orc warriors
  2 black bears
  A necrophage (D:7)
  3 sky beasts
  5 ogres
  An eye of draining (D:9)
  A phantom (D:6)
  2 centaurs
  23 wolves
  A lemure (D:4)
  3 big kobolds (D:10)
  12 bullfrogs
  A gnoll sergeant (D:9)
  An earth elemental (Volcano)
  A wyvern zombie (D:8)
  4 killer bees (D:10)
  15 scorpions
  2 howler monkeys (D:4)
  8 wights (D:8)
  2 electric eels (Lair:2)
  5 centaur zombies
  A bullfrog zombie (D:9)
  9 hounds
  2 human zombies (Ossuary)
  3 centaur skeletons
  5 orc priests
  A jelly (D:8)
  6 orc wizards
  3 bullfrog skeletons
  2 iguanas
  4 worker ants
  Natasha (twice) (D:4)
  4 hell rats (Lair:5)
  A hound zombie (D:6)
  3 mummies (Ossuary)
  12 gnolls
  A worker ant zombie (D:4)
  2 scorpion zombies (Ossuary)
  11 adders
  A howler monkey skeleton (D:7)
  8 shadow imps
  3 white imps
  4 ufetubi
  An ooze (D:1)
  2 adder skeletons
  2 worms
  2 dart slugs
  3 leopard geckos
  24 orcs
  5 giant cockroaches
  8 goblins
  10 hobgoblins
  7 jackals
  5 quokkas
  A ball python (D:1)
  8 bats
  9 frilled lizards
  A gnoll zombie (Ossuary)
  A goblin zombie (Ossuary)
  2 hobgoblin zombies (Ossuary)
  22 kobolds
  An orc zombie (Ossuary)
  A quokka skeleton (D:6)
  A quokka zombie (D:5)
  23 rats
  2 fire vortices (Volcano)
496 creatures vanquished.

Vanquished Creatures (others)
  A fire vortex (Volcano)
  35 fungi
  35 plants
  5 withered plants (D:8)
76 creatures vanquished.

Grand Total: 572 creatures vanquished

Notes
Turn   | Place    | Note
-------+----------+-------------------------------------------
     0 | D:1      | Froggeryz the Demigod Ice Elementalist began the quest for
                  | the Orb.
     0 | D:1      | Reached XP level 1. HP: 14/14 MP: 5/5
   226 | D:1      | Reached XP level 2. HP: 20/20 MP: 1/7
   997 | D:1      | Reached XP level 3. HP: 15/26 MP: 9/9
  2074 | D:3      | Learned a level 3 spell: Frozen Ramparts
  2133 | D:3      | Reached XP level 4. HP: 28/33 MP: 7/10
  2484 | D:3      | Reached skill level 5 in Ice Magic
  3441 | D:4      | Noticed Eustachio
  3487 | D:4      | Noticed Natasha
  3497 | D:4      | Killed Natasha
  3497 | D:4      | Killed Eustachio
  3498 | D:4      | Reached XP level 5. HP: 35/38 MP: 3/14
  3527 | D:4      | Reached XP level 6. HP: 24/45 MP: 10/16
  3950 | D:4      | Noticed Natasha
  3958 | D:4      | Killed Natasha
  4011 | D:4      | Reached skill level 5 in Spellcasting
  4055 | D:4      | Noticed Pikel
  4069 | D:4      | Killed Pikel
  4070 | D:4      | Reached XP level 7. HP: 30/56 MP: 18/18
  4844 | D:5      | Entered Level 5 of the Dungeon
  4878 | D:5      | Learned a level 3 spell: Ozocubu's Armour
  4977 | D:5      | Noticed Sigmund
  4990 | D:5      | Killed Sigmund
  4991 | D:5      | Reached skill level 1 in Maces & Flails
  4991 | D:5      | Reached skill level 1 in Armour
  4991 | D:5      | Reached XP level 8. HP: 60/66 MP: 19/19
  5296 | D:5      | Found Wicvev's Serpentskin Sales.
  5346 | D:5      | Bought a +0 scale mail of poison resistance for 96 gold
                  | pieces
  5804 | D:6      | Reached skill level 2 in Maces & Flails
  6089 | D:6      | Reached skill level 5 in Fighting
  6287 | D:6      | Found Kycal's Antique Armour Shoppe.
  6540 | D:6      | Reached skill level 3 in Maces & Flails
  6630 | D:6      | Found a staircase to the Ecumenical Temple.
  6899 | D:7      | Reached XP level 9. HP: 69/74 MP: 18/20
  6901 | D:7      | Reached skill level 1 in Shields
  6960 | D:7      | Found a shimmering altar of Xom.
  7035 | D:7      | Found a sand-covered staircase.
  7041 | Ossuary  | Entered an ossuary
  7340 | Ossuary  | Reached skill level 4 in Maces & Flails
  8370 | D:8      | Found a runed translucent door.
  8436 | D:8      | Reached skill level 5 in Shields
  8706 | D:8      | Noticed a hellwing
  8734 | D:8      | Reached XP level 10. HP: 64/81 MP: 18/21
  8749 | D:8      | Reached skill level 5 in Maces & Flails
  8935 | D:8      | Identified a scroll of acquirement
  8936 | D:8      | Acquired 676 gold pieces
  8994 | D:6      | Bought a pair of warped boots for 228 gold pieces
  9004 | D:6      | Identified the +1 pair of boots of Jamugujo {rN++ Dex+2}
                  | (You bought it in a shop on level 6 of the Dungeon)
  9005 | D:6      | Bought a crude hat for 216 gold pieces
  9015 | D:6      | Identified the -2 hat of Leciam {rF++ rCorr} (You bought it
                  | in a shop on level 6 of the Dungeon)
  9698 | D:8      | Reached skill level 6 in Maces & Flails
  9985 | D:8      | Noticed Beaer's ghost (novice VSBr)
 10531 | D:8      | Reached skill level 7 in Maces & Flails
 10872 | D:9      | Noticed a death knight
 11219 | D:8      | Killed a death knight
 11580 | D:9      | Got a polished chain mail
 11594 | D:9      | Identified the +1 chain mail "Koassef" {Regen+ rCorr Int-5
                  | Dex+3} (You found it on level 9 of the Dungeon)
 11663 | D:9      | Found a shimmering blue altar of Sif Muna.
 11670 | D:9      | Got a bloodstained cloak
 11687 | D:9      | Identified the +1 cloak "Hero's Friend" {rCorr Int+2} (You
                  | found it on level 9 of the Dungeon)
 11785 | D:9      | Found a staircase to the Orcish Mines.
 12047 | D:10     | Entered Level 10 of the Dungeon
 12054 | D:10     | Found a staircase to the Lair.
 12054 | D:10     | Noticed an elephant
 12066 | D:10     | Killed an elephant
 12068 | D:10     | Reached XP level 11. HP: 81/91 MP: 19/22
 12200 | D:10     | Reached skill level 8 in Maces & Flails
 12249 | D:10     | Found a shimmering altar of Xom.
 13036 | Lair:1   | Entered Level 1 of the Lair of Beasts
 13311 | Lair:1   | Noticed Erica
 13365 | Lair:1   | Killed Erica
 13425 | Lair:1   | Reached skill level 9 in Maces & Flails
 13512 | Lair:1   | Reached skill level 10 in Ice Magic
 13570 | Lair:1   | Noticed an eight-headed hydra
 13582 | Lair:1   | Killed an eight-headed hydra
 13583 | Lair:1   | Reached skill level 1 in Evocations
 13730 | Lair:1   | Noticed Sonja
 13764 | Lair:1   | Killed Sonja
 14081 | Lair:1   | Noticed Grum
 14097 | Lair:1   | Killed Grum
 14779 | Lair:2   | Reached skill level 10 in Maces & Flails
 15669 | Lair:2   | Found a staircase to the Snake Pit.
 15692 | Lair:2   | Reached XP level 12. HP: 78/101 MP: 18/24
 16459 | Lair:2   | Reached skill level 11 in Maces & Flails
 17629 | Lair:3   | Reached skill level 5 in Armour
 17636 | Lair:3   | Noticed Nergalle
 17653 | Lair:3   | Killed Nergalle
 18017 | Lair:3   | Reached skill level 5 in Evocations
 18061 | Lair:3   | Found a staircase to the Swamp.
 18161 | Lair:3   | Noticed Fannar
 18191 | Lair:3   | Killed Fannar
 19296 | Lair:4   | Found a frozen archway.
 19302 | IceCv    | Entered an ice cave
 20289 | Lair:4   | Reached skill level 12 in Maces & Flails
 20589 | Lair:4   | Noticed a four-headed hydra
 20615 | Lair:4   | Killed a four-headed hydra
 21153 | Lair:5   | Reached XP level 13. HP: 93/107 MP: 19/25
 21492 | Lair:5   | Found a staircase to the Slime Pits.
 21575 | Lair:5   | Found a dark tunnel.
 21586 | Volcano  | Entered a volcano
 22886 | Lair:6   | Entered Level 6 of the Lair of Beasts
 24398 | Lair:6   | Reached skill level 10 in Fighting
 24446 | Lair:6   | Noticed a dire elephant
 24446 | Lair:6   | Noticed a dire elephant
 24469 | Lair:6   | Noticed a dire elephant
 24488 | Lair:6   | Killed a dire elephant
 24488 | Lair:6   | Slain by a dire elephant

Illustrated notes

Levels and vault maps discovered:
D:1:      lemuel_arrival_river_ford, layout_loops_cross
D:2:      layout_rooms
D:3:      layout_loops_ring, minmay_rat_hole
D:4:      layout_basic, uniq_eustachio, uniq_natasha, uniq_pikel
D:5:      layout_gridville, guppyfry_shop_venom, uniq_sigmund
D:6:      layout_loops_ring, minmay_temple_entry_from_below_b, serial_shops,
          shop
D:7:      layout_cave_pools, enter_ossuary_5, basic_altar,
          minmay_tree_intersection
D:8:      cheibrodos_grave_circle, layout_loops_cross,
          ebering_ghost_reflecting_pool, minmay_misc_feat_rugged
D:9:      layout_layer_cave, overflow_temple_1_default, orc_0_dummy,
          minmay_radiant
D:10:     layout_irregular_city, david_lair_generic, xom_teletrap_fun
Lair:1:   beast_lair_carwin_large_1, layout_regular_city, serial_bayou_shore_b,
          uniq_sonja, uniq_grum, uniq_erica
Lair:2:   layout_layer_cave, minmay_snake_entry_six_corridors,
          infiniplex_staircase_pool, serial_bayou_shore_a, grunt_megastairs_4
Lair:3:   layout_regular_city, swamp_mist, serial_bayou_shore_b, uniq_nergalle,
          uniq_fannar
Lair:4:   layout_regular_city, portal_ice_cave_rime
Lair:5:   layout_misc_corridors, slime_dummy, enter_volcano_3, lemuel_fruit_tree
Lair:6:   due_jungle_book, layout_gridlike

Skill      XL: |  1  2  3  4  5  6  7  8  9 10 11 12 13 |
---------------+----------------------------------------+-----
Spellcasting   | 2 4 5 |  5.3
Ice Magic      | 4 5 6 7 8 9 10 | 10.0
Fighting       | 2 3 5 6 8 10 | 10.0
Maces & Flails | 1 3 4 7 10 12 | 12.0
Armour         | 1 3 6 8 |  8.2
Shields        | 5 |  5.7
Evocations     | 3 6 8 |  8.0
Dodging        | |  1.7
Stealth        | |  1.7

Action                   |  1- 3 |  4- 6 |  7- 9 | 10-12 | 13-15 || total
-------------------------+-------+-------+-------+-------+-------++-------
Melee: Unarmed           |    53 |   131 |       |       |       ||   184
       Hand axe          |    38 |       |       |       |       ||    38
       Rapier            |       |    40 |    35 |       |       ||    75
       Whip              |       |       |   358 |   836 |   299 ||  1493
 Cast: Freeze            |    44 |    19 |     8 |    12 |     1 ||    84
       Frozen Ramparts   |       |    13 |    24 |    86 |    32 ||   155
       Ozocubu's Armour  |       |       |     9 |    66 |    30 ||   105
Evoke: Wand              |       |       |       |     7 |     4 ||    11
  Use: Scroll            |     7 |       |    11 |     9 |     6 ||    33
       Potion            |       |     1 |       |       |     2 ||     3
 Stab: Sleeping          |    10 |     7 |       |       |       ||    17
       Paralysed         |       |       |       |     2 |       ||     2
Armor: Robe              |    27 |    36 |    22 |       |       ||    85
       Scale mail        |       |       |   164 |   279 |    87 ||   530
Dodge: Dodged            |    88 |   123 |   175 |   320 |    90 ||   796
Block: Buckler           |       |       |     4 |   182 |   126 ||   312

Table legend: (Time is in decaauts)
 A = Elapsed time spent in this place.
 B = Non-inter-level travel time spent in this place.
 C = Inter-level travel time spent in this place.
 D = Time resting spent in this place.
 E = Time spent auto-exploring this place.
 F = Levels seen in this place.
 G = Mean time per level.
                   A        B        C        D        E       F      G
               +--------+--------+--------+--------+--------+-----+--------+
         Total |  24094 |  23544 |    550 |   6423 |  12491 |  19 | 1268.1 |
       Dungeon |  12173 |  11800 |    373 |   2212 |   7107 |  10 | 1217.3 |
          Lair |   9494 |   9318 |    176 |   2645 |   5173 |   6 | 1582.3 |
       Ossuary |    806 |    806 |      0 |    283 |    211 |   1 |  806.0 |
      Ice Cave |    715 |    715 |      0 |    614 |      0 |   1 |  715.0 |
       Volcano |    904 |    904 |      0 |    669 |      0 |   1 |  904.0 |
               +--------+--------+--------+--------+--------+-----+--------+

Top non-repeatable levels by time:
  Lair:2: 2977 daAuts
     D:8: 2687 daAuts
     D:1: 1557 daAuts
     D:3: 1533 daAuts
  Lair:6: 1529 daAuts
  Lair:1: 1497 daAuts
  Lair:3: 1480 daAuts
     D:4: 1267 daAuts
  Lair:4: 1247 daAuts
     D:6: 1192 daAuts
     D:9: 1008 daAuts
    D:10: 958 daAuts
     D:5: 915 daAuts
 Volcano: 904 daAuts
 Ossuary: 806 daAuts
